 Dungeon Crawl Stone Soup version 0.19.0-2-gae57169 (webtiles) character file.

65 GordonOverkill the Chucker (level 3, 0/35 HPs)
             Began as a Troll Hunter on Nov 2, 2016.
             Slain by an orc wizard
             ... wielding a +0 dagger
              (2 damage)
             ... on level 2 of the Dungeon.
             The game lasted 00:03:49 (1757 turns).

GordonOverkill the Chucker (Troll Hunter)           Turns: 1757, Time: 00:03:49

Health: 0/35       AC:  6    Str: 20    XL:     3   Next: 92%
Magic:  2/2        EV: 10    Int:  7    God:
Gold:   98         SH:  0    Dex: 11    Spells: 0 memorised, 2 levels left

rFire  . . .     SeeInvis .     m - +0 whip
rCold  . . .     Gourm    +     b - +0 robe
rNeg   . . .     Faith    .     (no shield)
rPois  .         Spirit   .     (helmet restricted)
rElec  .         Reflect  .     l - +0 cloak
rCorr  .         Harm     .     (gloves unavailable)
MR     .....                    (boots unavailable)
Stlth  +.........               (no amulet)
                                (no ring)
                                (no ring)

@: confused
A: unfitting armour, claws 3, fast metabolism 3, gourmand, regeneration 1,
shaggy fur 1, tough skin 2
a: no special abilities


You were on level 2 of the Dungeon.
You were very full.

You visited 1 branch of the dungeon, and saw 3 of its levels.

You collected 98 gold pieces.

Inventory:

Hand Weapons
 m - a +0 whip (weapon)
Missiles
 c - 5 large rocks (quivered)
 d - 2 throwing nets
 r - 7 javelins
Armour
 b - a +0 robe (worn)
 l - a +0 cloak (worn)
Jewellery
 e - a +5 ring of strength {unknown}
Scrolls
 a - 2 scrolls of magic mapping {unknown}
 g - a scroll of fog {unknown}
 i - a scroll of recharging {unknown}
 j - a scroll of blinking {unknown}
 k - 5 scrolls of identify {unknown}
 q - a scroll of remove curse {unknown}
 s - a scroll of noise {unknown}
Potions
 n - a potion of agility {unknown}
Comestibles
 f - 5 bread rations
 h - 2 meat rations
 o - a royal jelly
 p - 8 fruits
 t - 2 chunks of flesh


   Skills:
 + Level 2.3 Fighting
 * Level 1.9 Maces & Flails
 + Level 4.0 Throwing
 - Level 1.5 Dodging
 - Level 0.3 Stealth


You had 2 spell levels left.
You didn't know any spells.

Dungeon Overview and Level Annotations

Branches:
Dungeon (3/15)

Altars:


Innate Abilities, Weirdness & Mutations

You are too large for most types of armour.
You have claws for hands.
Your metabolism is lightning-fast.
You like to eat raw meat.
Your natural rate of healing is unusually fast.
You are covered in fur. (AC +1)
You have very tough skin. (AC +2)


Message History

You bump into the rock wall.
You hear some strange, mumbled words.
You are more confused.
You see here a dagger.
You bump into the rock wall.
You're too confused to move!
Something hits you.
There is a stone staircase leading up here.
You hear some strange, mumbled words.
A magic dart appears from out of thin air!
The magic dart hits you!
* * * LOW HITPOINT WARNING * * *
You climb upwards.
There is a stone staircase leading down here.
Unknown command.
Unknown command.
You barely miss something. Something hits you.
* * * LOW HITPOINT WARNING * * *
Unknown command.
You're too confused to move!
Something hits you.
You die...

################
#......##......#
#.####.##.####.##
###.####.##.####...
#.@.........>.##.##
#.#.####.##.#.##.##
#.#......##.#......
#.#########......##
#.### ######...
#...# ############
###.# #.......# #.
###.####.......# #.
#......#.......# #.


There were no monsters in sight!

Vanquished Creatures
  An adder (D:2)
  2 worms (D:2)
  A dart slug (D:3)
  2 leopard geckos
  2 orcs (D:3)
  A giant cockroach (D:2)
  A goblin (D:2)
  5 hobgoblins
  4 jackals (D:1)
  A quokka (D:2)
  A ball python (D:1)
  10 bats
  2 frilled lizards
  4 kobolds
  6 rats
43 creatures vanquished.

Notes
Turn   | Place    | Note
-------+----------+-------------------------------------------
     0 | D:1      | GordonOverkill the Troll Hunter began the quest for the Orb.
     0 | D:1      | Reached XP level 1. HP: 19/19 MP: 0/0
   345 | D:1      | Reached XP level 2. HP: 28/28 MP: 1/1
   733 | D:1      | Reached skill level 4 in Throwing
   811 | D:2      | Reached skill level 1 in Maces & Flails
   811 | D:2      | Reached XP level 3. HP: 21/35 MP: 2/2
  1757 | D:2      | Slain by an orc wizard

Skill      XL: |  1  2 |
---------------+-------+-----
Fighting       | 2 |  2.3
Throwing       | 4 |  4.0
Maces & Flails | 1 |  1.9
Dodging        | |  1.5
Stealth        | |  0.3

Action                   || total
-------------------------++-------
Melee: Short sword       ||    27
       Club              ||    47
       Whip              ||   131
 Stab: Sleeping          ||     1
  Eat: Chunk             ||    21
Armor: Robe              ||   127
Dodge: Dodged            ||   143
